 Dungeon Crawl Stone Soup version 0.26-a0-712-ga5a9c9c9d0 (webtiles) character file.

Game seed: 6525085403894015795

6666 Azzok the Cleaver (level 10, -1/70 HPs)
             Began as a Demonspawn Berserker on Nov 7, 2020.
             Was an Elder of Trog.
             Slain by a wyvern (8 damage)
             ... on level 11 of the Dungeon.
             The game lasted 00:10:52 (12470 turns).

Azzok the Cleaver (Demonspawn Berserker)           Turns: 12470, Time: 00:10:52

Health: -1/70      AC: 13    Str: 21    XL:     10   Next: 73%
Magic:  10/10      EV:  8    Int:  9    God:    Trog [****..]
Gold:   749        SH:  5    Dex: 18    Spells: 9/9 levels left

rFire    . . .     SeeInvis .   C - +4 quarterstaff (chaos)
rCold    . . .     Faith    .   (shield currently unavailable)
rNeg     . . .     Spirit   .   u - +0 plate armour
rPois    .         Reflect  +   M - +1 hat
rElec    .         Harm     .   D - +0 cloak
rCorr    .         Rampage  .   a - +0 pair of gloves
MR       .....                  (boots unavailable)
Stlth    ..........             q - amulet of reflection
HPRegen  0.21/turn              O - +6 ring of dexterity
MPRegen  0.12/turn              (no ring)

@: lightly drained
A: talons 3, demonic guardian 1, sturdy frame 1
a: Berserk, Trog's Hand, Brothers in Arms, Renounce Religion


You were on level 11 of the Dungeon.
You worshipped Trog.
Trog was greatly pleased with you.
You visited 1 branch of the dungeon, and saw 11 of its levels.

You collected 749 gold pieces.

Inventory:

Hand Weapons
 m - a +0 war axe
 B - the +11 mace of the End {vamp, +Fly rC+ MR- Int+8}
   (You found it on level 5 of the Dungeon)

   It inflicts no extra harm, but heals its wielder when it wounds a living foe.
   It affects your intelligence (+8).
   It protects you from cold.
   It affects your resistance to hostile enchantments.
   It lets you fly.
 C - a +4 quarterstaff of chaos (weapon)
 H - a +1 glaive of venom
Armour
 a - a +0 pair of gloves (worn)
 u - a +0 plate armour (worn)
 D - a +0 cloak (worn)
 M - a +1 hat (worn)
Jewellery
 q - an amulet of reflection (around neck)
 O - a +6 ring of dexterity (left hand)
 R - an uncursed ring of protection from cold {unknown}
Wands
 v - a wand of iceblast (13)
 x - a wand of disintegration (12)
 y - a wand of polymorph (23)
 K - a wand of digging (7)
 P - a wand of flame (27)
 Q - a wand of acid (4)
Scrolls
 c - 5 scrolls of fog
 f - 2 scrolls of enchant weapon {unknown}
 g - 8 scrolls of teleportation
 h - 5 scrolls of noise {unknown}
 j - 3 scrolls of enchant armour {unknown}
 k - 4 scrolls of remove curse
 p - 4 scrolls of immolation {unknown}
 r - 2 scrolls of random uselessness {unknown}
 s - 2 scrolls of fear {unknown}
 t - 2 scrolls of magic mapping {unknown}
 E - 7 scrolls of identify
 I - 2 scrolls of amnesia {unknown}
 J - a scroll of vulnerability {unknown}
 L - a scroll of acquirement {unknown}
 N - a scroll of blinking {unknown}
Potions
 b - 2 potions of might {unknown}
 d - 3 potions of curing
 e - 3 potions of mutation {unknown}
 i - a potion of brilliance {unknown}
 l - 2 potions of degeneration {unknown}
 n - 4 potions of stabbing {unknown}
 o - a potion of magic
 w - a potion of flight
 z - 5 potions of cancellation {unknown}
 A - 4 potions of haste {unknown}
 F - a potion of berserk rage {unknown}
 G - 2 potions of heal wounds {unknown}


   Skills:
 - Level 3.0(2.9) Fighting
 + Level 14.6(14.5) Axes
 - Level 1.7(1.6) Armour
 - Level 1.7(1.6) Dodging


You had 9 spell levels left.
You didn't know any spells.
Your spell library was empty.

Dungeon Overview and Level Annotations

Branches:
Dungeon (11/15)            Temple (0/1) D:4            Lair (0/6) D:10
    Orc (0/2) D:10

Altars:
Cheibriados
Dithmenos
Elyvilon
Fedhas
Gozag
Nemelex Xobeh
Ru
Sif Muna
Uskayaw
Vehumet
Xom
Yredelemnul
The Shining One

Shops:
D:9 *


Innate Abilities, Weirdness & Mutations

You have claws for feet.
A weak demonic guardian rushes to your aid.
Your movements are slightly less encumbered by armour. (ER -2)


Message History

The wyvern is moderately wounded.
The wyvern barely misses you. The wyvern closely misses you.
Your ufetubus completely misses the wyvern.
Your ufetubus hits the wyvern. The wyvern barely misses you.
Your ufetubus closely misses the wyvern.
Your ufetubus barely misses the wyvern.
You hit the wyvern. You claw the wyvern.
The wyvern is severely wounded.
The wyvern completely misses you. The wyvern bites you!
* * * LOW HITPOINT WARNING * * *
Your ufetubus hits the wyvern but does no damage. x2
The wyvern bites you!
* * * LOW HITPOINT WARNING * * *
Your ufetubus hits the wyvern. x2
You barely miss the wyvern. Your kick misses the wyvern.
The wyvern is severely wounded.
The wyvern bites you.
* * * LOW HITPOINT WARNING * * *
The wyvern bites you!
You die...

·········▒
·········▒▒
·······)··▒
··········▒
··········▒▒▒▒
·············▒
·············▒ ·
▒▒╬▒▒▒▒▒▒▒▒'▒▒····
······l@·········
▒▒▒▒···5·········
▒··········▒▒▒
▒▒▒▒▒▒▒▒▒▒▒▒


You could see a wyvern (berserk, very poisoned) and a friendly ufetubus
(summoned).

Vanquished Creatures
  2 two-headed ogres
  A manticore (D:11)
  A troll (D:9)
  A wyvern (D:9)
  Grum (D:8)
  A soldier ant (D:11)
  An orc warrior (D:9)
  5 sky beasts
  A black bear (D:9)
  3 ogres
  5 phantoms
  4 wolves (D:8)
  A necrophage (D:8)
  4 centaurs
  A big kobold (D:7)
  3 bullfrogs
  5 scorpions
  5 killer bees (D:9)
  4 wights (D:11)
  An electric eel (D:8)
  2 howler monkeys (D:7)
  2 centaur zombies
  4 hounds
  2 jellies (D:10)
  2 orc priests
  3 centaur skeletons
  2 orc wizards
  Crazy Yiuf (D:5)
  3 iguanas
  3 bullfrog skeletons
  Ijyb (D:5)
  9 worker ants
  A killer bee zombie (D:8)
  A hound zombie (D:8)
  A hound skeleton (D:4)
  A mummy (D:5)
  A worker ant zombie (D:11)
  11 gnolls
  10 adders
  4 white imps
  An ufetubus (D:8)
  An adder zombie (D:7)
  4 worms
  3 dart slugs
  4 leopard geckos
  14 orcs
  6 bats
  3 giant cockroaches
  8 goblins
  12 hobgoblins
  12 jackals
  4 quokkas
  A ball python (D:5)
  5 frilled lizards
  2 hobgoblin zombies (D:5)
  6 kobolds
  2 kobold zombies (D:5)
  A quokka skeleton (D:5)
  A quokka zombie (D:7)
  5 rats
209 creatures vanquished.

Notes
Turn   | Place    | Note
-------+----------+-------------------------------------------
     0 | D:1      | Azzok the Demonspawn Berserker began the quest for the Orb.
     0 | D:1      | Reached XP level 1. HP: 18/18 MP: 1/1
    18 | D:1      | Reached skill level 3 in Axes
   256 | D:1      | Gained mutation: You have sharp toenails. [demonic
                  | ancestry]
   256 | D:1      | Reached XP level 2. HP: 21/24 MP: 2/2
  1035 | D:2      | Reached XP level 3. HP: 26/29 MP: 3/3
  1201 | D:2      | Reached ** piety under Trog
  1201 | D:2      | Reached skill level 4 in Axes
  1403 | D:2      | Found a basalt altar of Yredelemnul.
  1858 | D:3      | Reached XP level 4. HP: 35/35 MP: 4/4
  2060 | D:3      | Reached skill level 5 in Axes
  2112 | D:3      | Reached XP level 5. HP: 32/41 MP: 5/5
  2145 | D:3      | Found a hide-covered altar of Uskayaw.
  2941 | D:3      | Reached skill level 6 in Axes
  2983 | D:4      | Found a staircase to the Ecumenical Temple.
  3145 | D:4      | Gained mutation: Your movements are slightly less
                  | encumbered by armour. (ER -2) [demonic ancestry]
  3145 | D:4      | Reached XP level 6. HP: 46/47 MP: 6/6
  3153 | D:4      | Reached *** piety under Trog
  3873 | D:4      | Reached skill level 7 in Axes
  4209 | D:5      | Entered Level 5 of the Dungeon
  4286 | D:5      | Found a sacrificial altar of Ru.
  4375 | D:5      | Noticed a sky beast
  4386 | D:5      | Killed a sky beast
  4386 | D:5      | Gained mutation: You have razor-sharp toenails. [demonic
                  | ancestry]
  4386 | D:5      | Reached XP level 7. HP: 18/52 MP: 7/7
  4661 | D:5      | Noticed Ijyb
  4669 | D:5      | Killed Ijyb
  4673 | D:5      | Reached skill level 8 in Axes
  4903 | D:5      | Found a shadowy altar of Dithmenos.
  5134 | D:5      | Found a runed translucent door.
  5135 | D:5      | Noticed Crazy Yiuf
  5142 | D:5      | Killed Crazy Yiuf
  5148 | D:5      | Got an ancient mace
  5331 | D:6      | Found a glowing golden altar of the Shining One.
  5420 | D:6      | Reached skill level 9 in Axes
  5420 | D:6      | Gained mutation: You have claws for feet. [demonic
                  | ancestry]
  5420 | D:6      | Reached XP level 8. HP: 45/58 MP: 8/8
  6302 | D:7      | Reached **** piety under Trog
  6323 | D:7      | Reached skill level 10 in Axes
  6598 | D:7      | Found an opulent altar of Gozag.
  6776 | D:7      | Found a radiant altar of Vehumet.
  6871 | D:7      | Identified the +11 mace of the End {vamp, +Fly rC+ MR-
                  | Int+8} (You found it on level 5 of the Dungeon)
  7181 | D:7      | Found a white marble altar of Elyvilon.
  7669 | D:8      | Noticed Grum
  7675 | D:8      | Reached skill level 11 in Axes
  7675 | D:8      | Reached XP level 9. HP: 56/63 MP: 9/9
  7678 | D:8      | Killed Grum
  8248 | D:8      | Found a blossoming altar of Fedhas.
  8331 | D:8      | Reached skill level 12 in Axes
  8992 | D:9      | Found a shimmering blue altar of Sif Muna.
  9311 | D:9      | Found a shimmering altar of Xom.
  9549 | D:9      | Noticed a troll
  9556 | D:9      | Killed a troll
  9556 | D:9      | Reached skill level 13 in Axes
  9633 | D:9      | Gained mutation: A weak demonic guardian rushes to your
                  | aid. [demonic ancestry]
  9633 | D:9      | Reached XP level 10. HP: 68/70 MP: 10/10
  9655 | D:9      | Noticed a two-headed ogre
  9661 | D:9      | Killed a two-headed ogre
  9662 | D:9      | Found a snail-covered altar of Cheibriados.
 10012 | D:9      | Found Rapuo's General Store.
 10137 | D:9      | Found a sparkling altar of Nemelex Xobeh.
 10533 | D:10     | Entered Level 10 of the Dungeon
 11042 | D:10     | Found a staircase to the Orcish Mines.
 11068 | D:10     | Found a staircase to the Lair.
 11661 | D:11     | Found a shimmering altar of Xom.
 11675 | D:11     | Noticed a two-headed ogre
 11687 | D:11     | Killed a two-headed ogre
 11687 | D:11     | Reached skill level 14 in Axes
 11693 | D:11     | HP: 3/70 [poisoned by an adder]
 11698 | D:11     | HP: 2/70 [poisoned by an adder]
 11706 | D:11     | HP: 2/70 [poisoned by an adder]
 12166 | D:11     | Noticed a manticore
 12179 | D:11     | Killed a manticore
 12470 | D:11     | Slain by a wyvern

Illustrated notes

Levels and vault maps discovered:
D:1:      mrwooster_arrival_statue_2, layout_basic
D:2:      layout_basic, yredelemnul_altar_generic
D:3:      layout_loops_ring, eat_drink_and_be_merry_uskayaw, serial_glass,
          glass_columns_a, glass_columns_a, minmay_randomly_rotated_circles
D:4:      layout_basic, minmay_temple_entry_trees
D:5:      layout_cave_pools, kennysheep_mini_moat, lemuel_round_altar,
          minmay_stone_trees_medium, minivault_27, minmay_mini_ossuary,
          uniq_ijyb, uniq_crazy_yiuf_cottage
D:6:      layout_gridville, basic_altar
D:7:      layout_basic, lemuel_doored_altar, kennysheep_little_box,
          elyvilon_altar_5, hangedman_glass_teeth, minivault_24
D:8:      layout_basic, basic_altar, uniq_grum
D:9:      layout_basic, lemuel_crystal_altar, nemelex_xobeh_ov_fountains_minmay,
          overflow_temple_1_default, cheibriados_altar_1, serial_shops, shop
D:10:     layout_long_grid, lair_entry_dummy, orc_0_dummy
D:11:     layout_irregular_city, xom_teletrap_fun

Skill      XL: |  1  2  3  4  5  6  7  8  9 10 |
---------------+-------------------------------+-----
Axes           | 3 4 5 6 7 9 11 13 14 | 14.6
Fighting       | |  3.0
Armour         | |  1.7
Dodging        | |  1.7

Action                   |  1- 3 |  4- 6 |  7- 9 | 10-12 || total
-------------------------+-------+-------+-------+-------++-------
Melee: Hand axe          |    92 |    36 |       |       ||   128
       Kick              |    26 |    35 |    86 |    57 ||   204
       War axe           |       |   101 |   127 |       ||   228
       Mace              |       |       |    30 |       ||    30
       Quarterstaff      |       |       |   118 |   143 ||   261
Invok: Berserk           |       |     2 |     2 |       ||     4
  Use: Scroll            |     4 |     2 |     1 |       ||     7
 Stab: Distracted        |       |       |       |     1 ||     1
Armor: Animal skin       |     1 |       |       |       ||     1
       Ring mail         |     8 |       |       |       ||     8
       Scale mail        |    22 |    27 |       |       ||    49
       Plate armour      |       |    42 |   147 |   101 ||   290
Dodge: Dodged            |    40 |    66 |    88 |    59 ||   253
Block: Other             |       |    17 |    75 |    39 ||   131
       Reflection        |       |       |     3 |     2 ||     5

Table legend: (Time is in decaauts)
 A = Elapsed time spent in this place.
 B = Non-inter-level travel time spent in this place.
 C = Inter-level travel time spent in this place.
 D = Time resting spent in this place.
 E = Time spent auto-exploring this place.
 F = Levels seen in this place.
 G = Mean time per level.
                   A        B        C        D        E       F      G
               +--------+--------+--------+--------+--------+-----+--------+
         Total |  12617 |  12299 |    318 |   1368 |   9260 |  11 | 1147.0 |
       Dungeon |  12617 |  12299 |    318 |   1368 |   9260 |  11 | 1147.0 |
               +--------+--------+--------+--------+--------+-----+--------+

Top non-repeatable levels by time:
     D:9: 1730 daAuts
     D:8: 1683 daAuts
     D:4: 1457 daAuts
     D:2: 1262 daAuts
     D:7: 1172 daAuts
    D:10: 978 daAuts
     D:3: 957 daAuts
     D:5: 890 daAuts
     D:6: 873 daAuts
    D:11: 827 daAuts
     D:1: 785 daAuts
